General information
- name: BNet
- type: Ladder team game (AT/RT)
- host: Battle.net
- saver: Momoiro_Omnio
map: LastManStanding
- players: 8
- length: 22:03
- speed: Fast
- version: 1.26 W3XP
- replay type: Public
» download(132 KB)
Players
team 1 (loser)
mosani (
blue | 68 APM | 1498 actions | 21:55)
6 Priestess of the Moon
3 Trueshot Aura
2 Searing Arrows
1 Starfall
» actions
| Assign group hotkey | 17 | |
| Basic commands | 39 | |
| Build / train | 56 | |
| Enter build submenu | 14 | |
| Enter hero's abilities submenu | 7 | |
| Give item / drop item | 1 | |
| Remove unit from queue | 2 | |
| Right click | 308 | |
| Select / deselect | 250 | |
| Select group hotkey | 771 | |
| Use ability | 33 | |
1498 total
» units
| Wisp | 9 | |
| Chimaera | 10 | |
| Hippogryph | 10 | |
29 total
» upgrades
| Strength of the Wild | 3 | |
| Reinforced Hides | 2 | |
| Ultravision | 1 | |
6 total
» buildings
| Tree of Ages | 2 | |
| Altar of Elders | 1 | |
| Tree of Eternity | 1 | |
| Ancient of Wind | 1 | |
| Chimaera Roost | 2 | |
| Moon Well | 10 | |
| Hunter's Hall | 1 | |
| Ancient of Wonders | 1 | |
19 total
» build order
01:14 Tree of Ages
01:14 Tree of Ages
02:06 Altar of Elders
03:36 Tree of Eternity
04:45 Ancient of Wind
05:58 Chimaera Roost
06:00 Chimaera Roost
06:05 Moon Well
06:07 Moon Well
06:13 Moon Well
06:43 Moon Well
06:46 Moon Well
09:06 Moon Well
09:45 Hunter's Hall
10:59 Moon Well
11:07 Moon Well
15:16 Ancient of Wonders
15:25 Moon Well
15:28 Moon Well
» items
| Scroll of Regeneration | 2 | |
| Anti-magic Potion | 1 | |
| Scroll of Town Portal | 1 | |
| Potion of Healing | 3 | |
7 total
foolhardy (
purple | 50 APM | 1090 actions | 21:59)
5 Blademaster
3 Wind Walk
2 Critical Strike
» actions
| Assign group hotkey | 4 | |
| Basic commands | 4 | |
| Build / train | 51 | |
| ESC pressed | 2 | |
| Enter build submenu | 18 | |
| Enter hero's abilities submenu | 5 | |
| Give item / drop item | 1 | |
| Right click | 675 | |
| Select / deselect | 235 | |
| Select group hotkey | 31 | |
| Use ability | 64 | |
1090 total
» units
| Peon | 9 | |
| Troll Batrider | 7 | |
| Wisp | 4 | |
20 total
» upgrades
| Ranged Weapons | 3 | |
| Liquid Fire | 1 | |
| Reinforced Defenses | 1 | |
| Armor | 1 | |
6 total
» buildings
| Orc Burrow | 4 | |
| Altar of Storms | 1 | |
| Voodoo Lounge | 1 | |
| Stronghold | 4 | |
| War Mill | 1 | |
| Beastiary | 2 | |
| Fortress | 2 | |
| Tree of Eternity | 2 | |
| Ancient of War | 3 | |
| Hunter's Hall | 1 | |
| Tree of Life | 2 | |
23 total
» build order
00:26 Orc Burrow
00:36 Altar of Storms
01:12 Voodoo Lounge
02:04 Stronghold
02:04 Stronghold
02:08 War Mill
02:37 Orc Burrow
03:29 Orc Burrow
04:26 Beastiary
04:27 Beastiary
04:34 Fortress
04:35 Fortress
05:21 Orc Burrow
13:40 Tree of Eternity
13:40 Tree of Eternity
19:09 Ancient of War
19:11 Ancient of War
19:13 Ancient of War
19:35 Hunter's Hall
20:46 Tree of Life
20:50 Tree of Life
» items
| Healing Salve | 1 | |
| Lesser Clarity Potion | 5 | |
| Potion of Healing | 1 | |
7 total
caridin (
orange | 37 APM | 464 actions | 12:40)
4 Demon Hunter
2 Immolation
2 Evasion
» actions
| Assign group hotkey | 1 | |
| Build / train | 50 | |
| Enter build submenu | 21 | |
| Enter hero's abilities submenu | 4 | |
| Give item / drop item | 2 | |
| Remove unit from queue | 1 | |
| Right click | 179 | |
| Select / deselect | 162 | |
| Select group hotkey | 2 | |
| Use ability | 42 | |
464 total
» units
| Wisp | 21 | |
| Archer | 15 | |
| Goblin Shredder | 1 | |
37 total
» upgrades
| Moon Armor | 1 | |
| Strength of the Moon | 1 | |
| Reinforced Hides | 1 | |
| Strength of the Wild | 1 | |
| Ultravision | 1 | |
5 total
» buildings
| Moon Well | 10 | |
| Altar of Elders | 1 | |
| Ancient of War | 2 | |
| Tree of Life | 1 | |
| Hunter's Hall | 1 | |
| Ancient Protector | 3 | |
| Tree of Ages | 1 | |
| Ancient of Wonders | 1 | |
20 total
» build order
00:23 Moon Well
00:55 Altar of Elders
01:09 Ancient of War
01:33 Ancient of War
02:08 Moon Well
03:22 Moon Well
04:07 Moon Well
05:28 Tree of Life
05:44 Moon Well
05:59 Hunter's Hall
06:35 Moon Well
07:57 Ancient Protector
08:57 Ancient Protector
09:01 Tree of Ages
09:14 Ancient of Wonders
09:21 Ancient Protector
10:47 Moon Well
10:52 Moon Well
10:55 Moon Well
11:14 Moon Well
» items

»
Unji (
yellow | 57 APM | 1260 actions | 22:01)
5 Archmage
3 Summon Water Elemental
2 Brilliance Aura
3 Mountain King
2 Storm Bolt
1 Bash
» actions
| Assign group hotkey | 15 | |
| Basic commands | 8 | |
| Build / train | 101 | |
| Enter build submenu | 28 | |
| Enter hero's abilities submenu | 8 | |
| Right click | 365 | |
| Select / deselect | 251 | |
| Select group hotkey | 428 | |
| Use ability | 56 | |
1260 total
» units
| Peasant | 21 | |
| Rifleman | 5 | |
| Mortar Team | 2 | |
| Flying Machine | 38 | |
| Goblin Shredder | 1 | |
67 total
» upgrades
| Gunpowder | 2 | |
| Lumber Harvesting | 1 | |
| Long Rifles | 1 | |
| Armor | 1 | |
| Masonry | 1 | |
| Plating | 1 | |
7 total
» buildings
| Altar of Kings | 2 | |
| Farm | 12 | |
| Barracks | 1 | |
| Blacksmith | 1 | |
| Arcane Vault | 2 | |
| Lumber Mill | 1 | |
| Keep | 4 | |
| Town Hall | 1 | |
| Scout Tower | 3 | |
| Guard Tower | 3 | |
| Workshop | 2 | |
32 total
» build order
00:19 Altar of Kings
00:32 Farm
01:01 Farm
01:16 Barracks
01:35 Blacksmith
01:48 Farm
02:36 Arcane Vault
02:55 Lumber Mill
03:44 Keep
03:55 Farm
05:41 Town Hall
05:51 Arcane Vault
05:57 Scout Tower
06:03 Farm
06:28 Guard Tower
07:04 Scout Tower
07:39 Farm
07:58 Workshop
08:05 Workshop
08:53 Farm
08:56 Guard Tower
09:14 Farm
12:54 Altar of Kings
12:59 Scout Tower
15:32 Farm
16:42 Keep
16:43 Keep
16:47 Farm
18:45 Farm
18:47 Guard Tower
19:22 Farm
» items
team 2 (winner)
AmRifflemen (
red | 49 APM | 1080 actions | 22:02)
6 Archmage
3 Summon Water Elemental
2 Brilliance Aura
1 Mass Teleport
1 Firelord
1 Summon Lava Spawn
» actions
| Assign group hotkey | 8 | |
| Basic commands | 56 | |
| Build / train | 82 | |
| Enter build submenu | 23 | |
| Enter hero's abilities submenu | 7 | |
| Remove unit from queue | 1 | |
| Right click | 366 | |
| Select / deselect | 388 | |
| Select group hotkey | 55 | |
| Use ability | 94 | |
1080 total
» units
| Peasant | 14 | |
| Rifleman | 26 | |
| Razormane Medicine Man | 7 | |
| Goblin Zeppelin | 4 | |
51 total
» upgrades
| Gunpowder | 2 | |
| Armor | 2 | |
| Masonry | 1 | |
| Long Rifles | 1 | |
6 total
» buildings
| Lumber Mill | 1 | |
| Farm | 11 | |
| Blacksmith | 1 | |
| Barracks | 2 | |
| Altar of Kings | 1 | |
| Scout Tower | 7 | |
| Arcane Tower | 1 | |
| Guard Tower | 6 | |
| Keep | 1 | |
31 total
» build order
00:37 Lumber Mill
01:20 Farm
01:37 Blacksmith
01:50 Barracks
01:56 Farm
02:11 Altar of Kings
02:21 Farm
02:32 Farm
02:51 Barracks
03:11 Farm
03:19 Farm
05:10 Farm
06:15 Scout Tower
06:19 Scout Tower
06:30 Farm
06:51 Arcane Tower
06:53 Guard Tower
06:55 Scout Tower
06:57 Scout Tower
06:58 Scout Tower
07:24 Guard Tower
07:32 Guard Tower
07:36 Guard Tower
10:58 Farm
10:59 Farm
12:45 Scout Tower
12:46 Scout Tower
15:00 Farm
15:03 Guard Tower
15:03 Guard Tower
15:05 Keep
thegooseman666 (
green | 20 APM | 436 actions | 22:02)
6 Archmage
3 Summon Water Elemental
2 Brilliance Aura
1 Mass Teleport
» actions
| Basic commands | 6 | |
| Build / train | 43 | |
| Enter build submenu | 22 | |
| Enter hero's abilities submenu | 6 | |
| Right click | 167 | |
| Select / deselect | 156 | |
| Use ability | 36 | |
436 total
» units
| Peasant | 15 | |
| Goblin Shredder | 1 | |
| Dragonhawk Rider | 2 | |
| Gryphon Rider | 6 | |
24 total
» upgrades
| Lumber Harvesting | 1 | |
| Swords | 1 | |
| Armor | 1 | |
3 total
» buildings
| Farm | 10 | |
| Lumber Mill | 1 | |
| Altar of Kings | 1 | |
| Keep | 1 | |
| Scout Tower | 6 | |
| Guard Tower | 6 | |
| Gryphon Aviary | 2 | |
| Arcane Vault | 1 | |
| Castle | 1 | |
| Blacksmith | 1 | |
30 total
» build order
00:53 Farm
01:50 Farm
02:20 Lumber Mill
02:33 Farm
03:29 Altar of Kings
04:41 Keep
04:47 Farm
04:56 Scout Tower
05:00 Scout Tower
05:40 Guard Tower
05:44 Guard Tower
05:57 Farm
06:40 Farm
08:58 Gryphon Aviary
09:08 Gryphon Aviary
10:26 Scout Tower
10:30 Scout Tower
10:59 Guard Tower
11:02 Scout Tower
11:04 Guard Tower
11:08 Scout Tower
11:17 Arcane Vault
11:38 Guard Tower
11:40 Guard Tower
11:48 Farm
12:10 Castle
13:32 Blacksmith
13:41 Farm
14:24 Farm
14:52 Farm
» items
Momoiro_Omnio (
teal | 71 APM | 1577 actions | 22:03)
8 Death Knight
3 Death Coil
3 Unholy Aura
1 Animate Dead
1 Death Pact
» actions
| Assign group hotkey | 6 | |
| Basic commands | 42 | |
| Build / train | 47 | |
| ESC pressed | 7 | |
| Enter build submenu | 16 | |
| Enter hero's abilities submenu | 10 | |
| Right click | 1161 | |
| Select / deselect | 227 | |
| Select group hotkey | 10 | |
| Use ability | 51 | |
1577 total
» units
| Acolyte | 10 | |
| Ghoul | 5 | |
| Frost Wyrm | 6 | |
| Goblin Zeppelin | 1 | |
22 total
» upgrades
| Creature Attack | 3 | |
| Ghoul Frenzy | 1 | |
| Creature Carapace | 2 | |
| Freezing Breath | 1 | |
7 total
» buildings
| Crypt | 1 | |
| Ziggurat | 7 | |
| Halls of the Dead | 2 | |
| Graveyard | 1 | |
| Nerubian Tower | 2 | |
| Altar of Darkness | 1 | |
| Black Citadel | 3 | |
| Sacrificial Pit | 1 | |
| Tomb of Relics | 1 | |
| Boneyard | 4 | |
| Spirit Tower | 1 | |
| Necropolis | 2 | |
26 total
» build order
00:14 Crypt
00:18 Ziggurat
01:40 Halls of the Dead
02:22 Graveyard
02:27 Ziggurat
02:36 Ziggurat
02:41 Nerubian Tower
02:58 Altar of Darkness
04:01 Black Citadel
04:01 Black Citadel
04:16 Sacrificial Pit
04:20 Ziggurat
04:25 Ziggurat
06:09 Tomb of Relics
06:25 Boneyard
06:28 Boneyard
06:31 Boneyard
06:39 Boneyard
08:01 Ziggurat
08:02 Ziggurat
14:13 Spirit Tower
14:17 Nerubian Tower
16:01 Necropolis
18:51 Necropolis
20:28 Halls of the Dead
risingmoon28 (
pink | 27 APM | 601 actions | 22:02)
5 Demon Hunter
1 Immolation
2 Mana Burn
2 Evasion
2 Priestess of the Moon
2 Trueshot Aura
» actions
| Build / train | 73 | |
| Enter build submenu | 26 | |
| Enter hero's abilities submenu | 7 | |
| Remove unit from queue | 1 | |
| Right click | 273 | |
| Select / deselect | 187 | |
| Use ability | 34 | |
601 total
» units
| Wisp | 25 | |
| Archer | 5 | |
| Hippogryph | 13 | |
| Huntress | 4 | |
| Dryad | 4 | |
51 total
» upgrades
| Strength of the Wild | 3 | |
| Reinforced Hides | 3 | |
| Abolish Magic | 1 | |
7 total
» buildings
| Altar of Elders | 2 | |
| Moon Well | 8 | |
| Ancient of War | 2 | |
| Tree of Life | 3 | |
| Tree of Ages | 2 | |
| Hunter's Hall | 2 | |
| Ancient of Wonders | 2 | |
| Tree of Eternity | 2 | |
| Ancient of Wind | 3 | |
| Ancient of Lore | 2 | |
28 total
» build order
00:26 Altar of Elders
00:40 Moon Well
00:54 Ancient of War
01:26 Moon Well
02:22 Moon Well
05:50 Tree of Life
06:25 Tree of Ages
06:28 Hunter's Hall
06:35 Ancient of Wonders
06:42 Moon Well
08:07 Moon Well
08:50 Tree of Eternity
08:55 Ancient of Wind
09:05 Moon Well
11:02 Tree of Life
11:08 Altar of Elders
11:18 Ancient of War
12:11 Tree of Life
12:21 Ancient of Wonders
13:28 Hunter's Hall
14:12 Tree of Ages
16:39 Ancient of Wind
16:45 Ancient of Lore
16:49 Ancient of Lore
17:04 Ancient of Wind
17:21 Moon Well
19:24 Moon Well
19:31 Tree of Eternity
Chat log
(00:28 / Allies) Momoiro_Omnio: I'll be feeding all game long
(00:38 / Allies) Momoiro_Omnio: I should be backstabbing this game
(00:47 / Allies) thegooseman666: kk ill feed u teal
(00:49 / Allies) Momoiro_Omnio: but I need to spend some time
(00:55 / Allies) Momoiro_Omnio: what?
(00:57 / Allies) Momoiro_Omnio: me?
(01:00 / Allies) thegooseman666: yea
(01:02 / Allies) Momoiro_Omnio: no...
(01:10 / Allies) Momoiro_Omnio: quick wyrms?
(01:12 / Allies) thegooseman666: i got u, im a team player
(01:21 / Allies) thegooseman666: sure
(01:35 / Allies) Momoiro_Omnio: I don't want to be fed though
(01:38 / Allies) Momoiro_Omnio: I told
(01:43 / Allies) Momoiro_Omnio: fine, fine
(01:46 / Allies) Momoiro_Omnio: thanks
(01:57 / Allies) thegooseman666: fast worms would be sweet
(02:04 / Allies) thegooseman666: ill go griffs
(03:03 / Allies) Momoiro_Omnio: ty
(04:05 / Allies) thegooseman666: just let me know when u need more
(04:09 / Allies) Momoiro_Omnio: sure
(04:38 / Allies) Momoiro_Omnio: death knight for me
(04:42 / Allies) Momoiro_Omnio: for that speed aura
(05:03 / Allies) Momoiro_Omnio: kay feed me more please
(05:15 / Allies) Momoiro_Omnio: I'll be having about 3 boneyards at least
(05:17 / Allies) Momoiro_Omnio: or 4
(05:20 / Allies) thegooseman666: kk
(05:34 / Allies) thegooseman666: we should clear that mine and get it up and running
(05:34 / Allies) Momoiro_Omnio: 65 seconds a trained wyrmy
(06:56 / Allies) Momoiro_Omnio: wood and gold now please...
(07:12 / Allies) Momoiro_Omnio: they revealed me
(07:14 / Allies) Momoiro_Omnio: darn it
(07:29 / Allies) Momoiro_Omnio: someone clear this for me
(07:33 / Allies) Momoiro_Omnio: to get a zep
(07:39 / Allies) Momoiro_Omnio: so I quick hit with wrysm
(08:28 / Allies) Momoiro_Omnio: you
(08:32 / Allies) Momoiro_Omnio: clear this
(08:43 / Allies) thegooseman666: i have no untis yet lol
(12:35 / Allies) thegooseman666: finish main teal
(12:58 / Allies) thegooseman666: lol nice work
(14:47 / Allies) Momoiro_Omnio: gold me plz
(14:48 / Allies) Momoiro_Omnio: NOW
(15:02 / Allies) Momoiro_Omnio: i can still have wyrms
(15:07 / Allies) Momoiro_Omnio: just need mine set up
(21:37 / Allies) Momoiro_Omnio: i got animate dead